 Dungeon Crawl Stone Soup version 0.26-a0-64-g059e62fbdb (webtiles) character file.

Game seed: 16017232580192220265

1090 JohnDoe161 the Ducker (level 8, 34/61 HPs)
             Began as a Demonspawn Gladiator on June 9, 2020.
             Quit the game on level 5 of the Dungeon.
             The game lasted 00:22:45 (5015 turns).

JohnDoe161 the Ducker (Demonspawn Gladiator)        Turns: 5015, Time: 00:22:46

Health: 34/61      AC:  5    Str: 14    XL:     8   Next: 9%
Magic:  8/8        EV: 19    Int:  9    God:
Gold:   237        SH:  0    Dex: 18    Spells: 5/7 levels left

rFire    . . .     SeeInvis .   a - +0 long sword
rCold    . . .     Gourm    .   (no shield)
rNeg     . . .     Faith    .   b - +0 leather armour
rPois    .         Spirit   .   c - +0 helmet
rElec    .         Reflect  .   q - +0 cloak
rCorr    .         Harm     .   (no gloves)
MR       .....                  (no boots)
Stlth    +.........             (no amulet)
HPRegen  0.20/turn              (no ring)
MPRegen  0.11/turn              (no ring)

@: no status effects
A: talons 1, repulsion field 2, demonic guardian 1, spiny 1
a: no special abilities


You were on level 5 of the Dungeon.
You were hungry.

You visited 1 branch of the dungeon, and saw 5 of its levels.
You also visited: Sewer.

You collected 237 gold pieces.

Inventory:

Hand Weapons
 a - a +0 long sword (weapon)
Missiles
 d - 3 throwing nets (quivered)
Armour
 b - a +0 leather armour (worn)
 c - a +0 helmet (worn)
 q - a +0 cloak (worn)
Magical Staves
 g - an uncursed staff of wizardry {unknown}
Jewellery
 e - an uncursed amulet of the acrobat {unknown}
 i - an uncursed ring of fire
Scrolls
 h - 2 scrolls of fear
 j - 4 scrolls of remove curse {unknown}
 m - 2 scrolls of teleportation {unknown}
 n - a scroll of blinking {unknown}
 o - 2 scrolls of enchant weapon {unknown}
 p - 4 scrolls of magic mapping {unknown}
 t - a scroll of immolation {unknown}
 u - a scroll of noise {unknown}
 x - 2 scrolls of enchant armour {unknown}
 y - a scroll of fog {unknown}
 z - 2 scrolls of identify {unknown}
Potions
 k - a potion of lignification
 r - 2 potions of flight
 s - 2 potions of heal wounds {unknown}
Comestibles
 f - 6 rations


   Skills:
 + Level 4.6 Fighting
 + Level 5.0 Long Blades
 - Level 1.8 Throwing
 * Level 6.2 Dodging
 + Level 2.7 Translocations


You had 5 spell levels left.
You knew the following spells:

 Your Spells              Type           Power        Failure   Level  Hunger
a - Blink                 Tloc           N/A          26%         2    ###....

Your spell library contained the following spells:

 Spells                   Type           Power        Failure   Level  Hunger
 Beastly Appendage        Tmut           #.....       45%         1    ##.....
 Magic Dart               Conj           #...         45%         1    ##.....
 Call Imp                 Summ           #.......     61%         2    ###....
 Slow                     Hex            #.......     61%         2    ###....
 Sticks to Snakes         Tmut           #.......     61%         2    ###....
 Conjure Flame            Conj/Fire      #.......     83%         3    ####...
 Mephitic Cloud           Conj/Pois/Air  #.......     83%         3    ####...
 Spider Form              Tmut/Pois      #.........   83%         3    ####...
 Ice Form                 Ice/Tmut       #.......     99%         4    #####..
 Blade Hands              Tmut           #.........   100%        5    ######.


Dungeon Overview and Level Annotations

Branches:
Dungeon (5/15)              Sewer (visited)
 Temple: D:4-7

Altars:
Ashenzari
Gozag

Annotations:
D:4 Elizilla's ghost, amateur TrMo; Eustachio


Innate Abilities, Weirdness & Mutations

You have sharp toenails.
You are surrounded by a moderate repulsion field. (EV +3)
A weak demonic guardian rushes to your aid.
You are partially covered in sharp spines.


Message History

ICC's ghost is heavily damaged.
ICC's ghost is struck by your spines.
ICC's ghost hits you but does no damage.
ICC's ghost barely misses you.
You hit ICC's ghost. You claw ICC's ghost.
ICC's ghost is almost destroyed.
ICC's ghost barely misses you.
You hit ICC's ghost but do no damage.
ICC's ghost is almost destroyed.
ICC's ghost closely misses you.
You closely miss ICC's ghost.
ICC's ghost is almost destroyed.
ICC's ghost is struck by your spines.
You destroy ICC's ghost!
Your Long Blades skill increases to level 5!
Your Dodging skill increases to level 6!
You have reached level 8!
You feel agile.
Your demonic ancestry asserts itself...
You feel the presence of a demonic guardian.
Are you sure you want to abandon this character and quit the game? (Confirm with "yes".)

..............................#.#
###.........................#.#.#
# #########################.#.#.#
# ################ #.#.#.#
#####.....(...##...########.#.#.#
......[..#######..........#.#.#.#
#####....#.(..(#...######.#.#....
# ######.(...#...# #.#.#.... #
#...(.'@..######.#.#.... #
#♣....'........#.#.#.#.# #
#..(..'..#####.#.#.#(#.# ########
#(...(#..# #.#.#.#.# .......#
#/....#..# #.......' .......#
########.# #>#####.#.#'# .......#
#.# #.......#.... .......# #.#
#######...... .......# #.#
.........


There were no monsters in sight!

Vanquished Creatures
  The ghost of ICC the Magician, a novice VSFi (D:5)
  Prince Ribbit (D:5)
  Purgy (Sewer)
  A sky beast (D:5)
  2 phantoms (D:5)
  A scorpion (D:3)
  A hound (D:4)
  An orc wizard (D:3)
  A worker ant zombie (D:5)
  3 gnolls (D:5)
  2 river rats (D:4)
  7 adders
  An ooze (D:2)
  A worm (D:3)
  A dart slug (D:1)
  5 leopard geckos
  5 orcs
  6 giant cockroaches
  6 goblins
  8 hobgoblins
  6 jackals
  A quokka (D:2)
  2 ball pythons (D:2)
  11 bats
  6 frilled lizards
  8 kobolds
  14 rats
103 creatures vanquished.

Notes
Turn   | Place    | Note
-------+----------+-------------------------------------------
     0 | D:1      | JohnDoe161 the Demonspawn Gladiator began the quest for the
                  | Orb.
     0 | D:1      | Reached XP level 1. HP: 16/16 MP: 1/1
   163 | D:1      | Found a shattered altar of Ashenzari.
   328 | D:1      | Gained mutation: You are surrounded by a mild repulsion
                  | field. (EV +2) [demonic ancestry]
   328 | D:1      | Reached XP level 2. HP: 22/22 MP: 2/2
   701 | D:1      | Reached skill level 3 in Dodging
   857 | D:2      | Gained mutation: You are surrounded by a moderate repulsion
                  | field. (EV +3) [demonic ancestry]
   857 | D:2      | Reached XP level 3. HP: 25/27 MP: 3/3
  1510 | D:2      | Reached XP level 4. HP: 29/34 MP: 4/4
  1965 | D:4      | Noticed Elizilla's ghost (amateur TrMo)
  1966 | D:4      | Noticed an ice beast
  1988 | D:4      | Reached skill level 4 in Dodging
  1993 | D:4      | Gained mutation: You are partially covered in sharp spines.
                  | [demonic ancestry]
  1993 | D:4      | Reached XP level 5. HP: 19/40 MP: 5/5
  1994 | D:4      | Found a glowing drain.
  2006 | Sewer    | Entered a sewer
  2198 | Sewer    | Noticed Purgy
  2215 | Sewer    | Killed Purgy
  2245 | Sewer    | Learned a level 2 spell: Blink
  2416 | D:3      | Reached XP level 6. HP: 29/47 MP: 6/6
  2815 | D:3      | Found an opulent altar of Gozag.
  3523 | D:4      | Noticed Eustachio
  3579 | D:4      | HP: 1/47 [white imp/puff of frost[Eustachio] (14)]
  3587 | D:4      | HP: 2/70 [white imp/puff of frost[Eustachio] (1)]
  3602 | D:4      | HP: 1/70 [river rat[Eustachio] (3)]
  3873 | D:5      | Entered Level 5 of the Dungeon
  3992 | D:5      | Reached skill level 5 in Dodging
  3992 | D:5      | Reached skill level 1 in Translocations
  4118 | D:5      | Gained mutation: You have sharp toenails. [demonic
                  | ancestry]
  4118 | D:5      | Reached XP level 7. HP: 22/53 MP: 7/7
  4398 | D:5      | Noticed Prince Ribbit
  4416 | D:5      | Killed Prince Ribbit
  4980 | D:5      | Found a runed translucent gate.
  4980 | D:5      | Found a runed translucent gate.
  4981 | D:5      | Found a runed translucent gate.
  4981 | D:5      | Noticed ICC's ghost (novice VSFi)
  5014 | D:5      | Killed ICC's ghost
  5014 | D:5      | Reached skill level 5 in Long Blades
  5014 | D:5      | Reached skill level 6 in Dodging
  5014 | D:5      | Gained mutation: A weak demonic guardian rushes to your
                  | aid. [demonic ancestry]
  5014 | D:5      | Reached XP level 8. HP: 34/61 MP: 8/8
  5015 | D:5      | Quit the game

Illustrated notes

Levels and vault maps discovered:
D:1:      saegor_arrival_under_anarchy, layout_rooms, ashenzari_altar_1
D:2:      layout_rooms, minmay_tetromino_t2
D:3:      layout_loops_ring, nicolae_gozag_seed_capital
D:4:      layout_basic, gammafunk_ghost_icy, portal_sewer_entry_b,
          minmay_ruptured, uniq_eustachio
D:5:      layout_basic, ebering_ghost_rock_garden, first_ration, uniq_pikel,
          uniq_prince_ribbit1

Skill      XL: |  1  2  3  4  5  6  7 |
---------------+----------------------+-----
Long Blades    | 3 4 5 |  5.0
Dodging        | 3 4 5 6 |  6.2
Fighting       | 3 4 |  4.6
Translocations | 1 2 |  2.7
Throwing       | |  1.8

Action                   |  1- 3 |  4- 6 |  7- 9 || total
-------------------------+-------+-------+-------++-------
Melee: Long sword        |   104 |   227 |    52 ||   383
       Kick              |       |       |    16 ||    16
  Use: Potion            |       |     6 |       ||     6
       Scroll            |       |     1 |       ||     1
 Stab: Sleeping          |     1 |       |     1 ||     2
  Eat: Chunk             |     2 |     3 |     1 ||     6
       Ration            |       |     2 |       ||     2
Armor: Leather armour    |    30 |    32 |     9 ||    71
       Skin              |       |     8 |       ||     8
Dodge: Dodged            |   115 |   203 |    30 ||   348
       Rpst.: Long sword |    30 |    52 |     4 ||    86

Table legend:
 A = Non-vault XP
 B = Vault XP
 C = Vault XP percentage of total XP
 D = Non-vault monster count
 E = Vault monster count
 F = Vault count percentage of total count
                 A         B        C        D         E       F
            +---------+---------+-------+---------+---------+-------
      Total |     799 |     759 |  48.7 |      89 |      14 |  13.6
            +---------+---------+-------+---------+---------+-------
        D:1 |      27 |       0 |   0.0 |      17 |       0 |   0.0
        D:2 |      74 |       4 |   5.1 |      23 |       2 |   8.0
        D:3 |     192 |       0 |   0.0 |      36 |       0 |   0.0
        D:4 |      62 |      32 |  34.0 |       5 |       4 |  44.4
        D:5 |     444 |     584 |  56.8 |       8 |       2 |  20.0
      Sewer |       0 |     139 | 100.0 |       0 |       6 | 100.0
            +---------+---------+-------+---------+---------+-------
